Cogmind - Beta 17.1 @@@ ROGUE MODE // 2026.09.21 @ 02:47:35 Player: Clog Result: Destroyed by P-80 Master with Gamma Rifle Performance ------------- Evolutions (7) 3500 Regions Visited (20) 4000 Robots Destroyed (400) 2000 Value Destroyed (15588) 15588 Prototype IDs (34) 680 Alien Tech Used (2) 400 Bonus (4232) 4232 TOTAL SCORE: 30400 Bonus ------- High Alert Combat Kills 1860 Follower Combat Kills 1894 Registered with UFD 300 Met Optimus in HQ 500 Met Zhirov 300 Friendly Fire -622 Cogmind --------- Core Integrity 0/1300 Matter 0/300 Energy 170/170 System Corruption 39% Temperature Cool (0) Movement Immobile (Siege) Location -3/Research Parts ------- > --- POWER (2) -------- Light Antimatter Reactor > --- PROPULSION (6) --- Heavy Siege Treads Improved Heavy Siege Treads > --- UTILITY (9) ------ Large Storage Unit Structural Scanner Machine Analyzer Enhanced Optical Array Enhanced Optical Array IFF Parser Advanced Target Analyzer Armor Integrity Analyzer Improved Hacking Suite > --- WEAPON (4) ------- Heavy Laser Advanced Micro-nuke Launcher Phasing Sabre (fused) > --- INVENTORY (15) --- Biometal Leg Medium Storage Unit Quantum Capacitor Advanced Weapon Cycler High-powered Tractor Beam Advanced Remote Datajack Peak State ------------ > --- POWER ------------ Antimatter Reactor Light Antimatter Reactor > --- PROPULSION ------- Medium Treads Medium Treads Armored Medium Treads Myomer Leg Myomer Leg > --- UTILITY ---------- Advanced Cryofiber Web Advanced Heat Sink High-capacity Storage Unit Advanced Weight Redist. System Enhanced Optical Array Advanced Signal Interpreter Armor Integrity Analyzer Heavy Armor Plating > --- WEAPON ----------- Heavy Hardcell Cannon Heavy Hardcell Cannon > --- INVENTORY -------- Light Antimatter Reactor Light Antimatter Reactor Light Antimatter Reactor Improved Cesium-ion Thruster Matter Compressor Improved Point Defense System Advanced Hacking Suite Transdimensional Reconstructor Plasma Rifle Quantum Rifle Compact HERF Cannon Coil Gun Railgun Helical Railgun Light Antimatter Cannon Rocket Array Advanced Micro-nuke Launcher Axe Phasing Sabre Dirty Bomb Trap [Rating: 127] Favorites ----------- Power Light Antimatter Reactor Engine Improved Ion Engine Power Core Light Nuclear Core Reactor Light Antimatter Reactor Propulsion Light Treads Treads Light Treads Leg Myomer Leg Wheel Centrium Wheel Flight Unit Improved VTOL Module Utility Improved Signal Interpreter Device Advanced Sensor Array Storage Large Storage Unit Processor Improved Signal Interpreter Hackware Improved Hacking Suite Protection Hardened Heavy Armor Plating Weapon Gauss Rifle Energy Gun Overtuned Quantum Rifle Energy Cannon Enhanced Nova Cannon Ballistic Gun Gauss Rifle Ballistic Cannon Heavy Hardcell Cannon Launcher Advanced Micro-nuke Launcher Special Weapon Improved Remote Datajack Impact Weapon Power Maul Slashing Weapon Phasing Sabre Build | -11 -10 -10 -9 -9 -8 -7 -7 -7 -7 -5 -5 -5 -5 -5 -5 -4 -4 -4 -4 -3 ------- Run | Yrd Mat Min Mat Min Mat Fac Sto Rec Scr Fac Was Fac Upp Upp Zhi Pro Fac Upp Upp Res Slots Evolved 14 | . . . 2 . 2 2 . . . 4 . . . . . . 2 . . 2 Power 1 | . . . . . . . . . . 1 . . . . . . . . . . Propulsion 4 | . . . 1 . 1 . . . . 1 . . . . . . 1 . . . Utility 7 | . . . 1 . 1 1 . . . 2 . . . . . . . . . 2 Weapon 2 | . . . . . . 1 . . . . . . . . . . 1 . . . Parts Attached 272 | 2 9 4 26 2 15 44 8 4 4 32 6 9 1 14 1 5 12 1 7 66 Power 44 | . 1 1 2 1 3 7 1 1 1 4 . 2 . 4 1 . 2 . 1 12 Engine 16 | . . 1 1 1 1 5 1 1 1 2 . . . 2 . . . . . . Core 13 | . 1 . 1 . 2 2 . . . 2 . . . 1 . . 2 . 1 1 Reactor 15 | . . . . . . . . . . . . 2 . 1 1 . . . . 11 Propulsion 78 | . 4 1 12 . 7 11 3 2 1 7 3 1 1 3 . 2 2 . . 18 Treads 52 | . 2 1 10 . 7 10 3 2 1 . 2 1 1 3 . 2 1 . . 6 Leg 9 | . 2 . . . . . . . . . . . . . . . . . . 7 Wheel 4 | . . . . . . . . . . 1 . . . . . . 1 . . 2 Hover . | . . . . . . . . . . . . . . . . . . . . . Flight 13 | . . . 2 . . 1 . . . 6 1 . . . . . . . . 3 Utility 78 | 1 2 . 4 . 2 13 1 1 1 19 1 4 . 4 . 2 3 . 4 16 Device 32 | 1 . . 2 . . 6 . . . 8 1 3 . 2 . . 1 . 3 5 Storage 9 | . 2 . . . 1 . . 1 . 1 . 1 . 1 . . . . . 2 Processor 14 | . . . 1 . . 3 . . 1 1 . . . . . 1 2 . 1 4 Hackware 8 | . . . . . . . . . . 6 . . . . . . . . . 2 Protection 15 | . . . 1 . 1 4 1 . . 3 . . . 1 . 1 . . . 3 Artifact . | . . . . . . . . . . . . . . . . . . . . . Weapon 72 | 1 2 2 8 1 3 13 3 . 1 2 2 2 . 3 . 1 5 1 2 20 Energy Gun 9 | . . 1 2 . . . . . 1 1 . . . . . . . . . 4 Energy Cannon 9 | . . . 1 . . 1 . . . . . 2 . 1 . . 1 . . 3 Ballistic Gun 34 | 1 1 . 5 . 2 9 1 . . 1 2 . . 1 . . 4 . 1 6 Ballistic Cannon 5 | . . . . . . . . . . . . . . . . 1 . 1 . 3 Launcher 8 | . 1 . . 1 1 1 2 . . . . . . . . . . . . 2 Special Weapon 3 | . . 1 . . . . . . . . . . . . . . . . 1 1 Impact Weapon 2 | . . . . . . 2 . . . . . . . . . . . . . . Slashing Weapon 2 | . . . . . . . . . . . . . . 1 . . . . . 1 Piercing Weapon . | . . . . . . . . . . . . . . . . . . . . . Special Melee Weapon . | . . . . . . . . . . . . . . . . . . . . . Unidentified Prototypes 19 | . . . 5 . 1 2 2 . . . 1 . . . 2 . . 1 . 5 Corrupted Parts 5 | . . . . . . . . . . . . . . . . . 2 . . 3 System Corruption 19 | . . . . . . . . . . . . . . . . . 4 . . 15 Parts Lost 122 | . . 2 4 2 1 13 3 6 . 14 . . 1 5 . 8 7 2 3 51 Power 24 | . . 1 . 1 . 3 . 1 . 4 . . . 2 . . 1 . . 11 Propulsion 40 | . . 1 2 . 1 4 2 3 . 3 . . 1 1 . 2 3 1 1 15 Utility 30 | . . . . 1 . 4 1 1 . 5 . . . . . 3 2 1 . 12 Weapon 28 | . . . 2 . . 2 . 1 . 2 . . . 2 . 3 1 . 2 13 Highest Loss Streak 11 | . . 2 2 2 1 7 2 4 . 5 . . 1 3 . 5 2 1 2 11 To Critical Strikes 2 | . . . . . . . . . . . . . . . . . . . . 2 Average Backups 14 | 5 9 14 14 15 14 14 13 15 16 13 7 11 13 13 19 14 15 18 18 14 Power 1 | 1 1 . . 1 1 1 1 . . . . 1 2 2 2 2 2 3 3 2 Propulsion 4 | 3 3 3 4 7 7 6 5 6 5 4 2 4 5 4 5 3 1 1 1 1 Utility 2 | . 1 2 2 1 . . 2 2 3 3 1 . 1 2 5 4 4 5 5 2 Weapon 5 | 1 4 8 7 6 6 5 4 5 6 4 2 3 4 4 5 3 5 8 8 6 Tool/Special . | . . . . . . . . . . . . . . . . . . . . . Unused Backups 51 | 6 7 . 10 . 1 4 1 . . 9 3 2 . . 1 . . . . 7 Power 3 | 1 2 . . . . . . . . . . . . . . . . . . . Propulsion 12 | 3 2 . 2 . . 1 . . . 2 1 . . . . . . . . 1 Utility 14 | 1 2 . 2 . . . . . . 3 2 1 . . . . . . . 3 Weapon 19 | 1 1 . 6 . 1 3 1 . . 3 . . . . . . . . . 3 Tool/Special 3 | . . . . . . . . . . 1 . 1 . . 1 . . . . . Average Slot Usage (%) 84 | . 99 99 97 88 91 86 85 70 88 68 79 87 87 86 70 85 85 76 73 69 Engine 3 | . 3 10 5 8 3 4 . 4 6 3 9 6 . 4 3 . . . . . Core 2 | . 10 2 5 1 5 2 6 . . 1 . . . 2 5 5 5 5 8 1 Reactor 2 | . . . . . . . . . . . . 3 11 2 1 5 3 . . 6 Treads 20 | . 18 28 31 33 34 25 24 23 29 8 4 16 16 16 17 20 20 14 7 4 Leg 1 | . 9 . . . . . . . . . . . . . . . . . . 8 Device 10 | . 14 14 13 1 3 6 7 . . 6 6 20 23 22 17 17 17 8 11 9 Storage 6 | . 14 14 11 11 9 7 7 7 7 4 5 5 5 5 5 5 5 5 5 3 Processor 8 | . . . 3 11 9 7 7 7 13 8 5 5 5 5 5 6 12 15 15 17 Protection 4 | . . . 3 . 8 7 6 7 7 3 5 5 5 5 11 5 . . . 1 Energy Gun 2 | . . 2 3 . . . . . 6 2 2 5 5 4 . . . . . . Energy Cannon 1 | . . . . . . . . . . . . 6 10 6 . 3 . . . 1 Ballistic Gun 12 | . 27 24 18 22 17 22 19 18 14 4 3 3 . 3 . 6 14 21 17 2 Peak Build Rating 127 | 7 10 10 21 18 21 50 43 43 49 79 88 107 107 111 106 106 104 97 99 127 Average Rating 60 | 6 8 9 16 15 19 39 40 33 42 56 74 99 106 104 85 90 96 93 88 101 On Entrance 56 | 6 7 10 10 18 15 21 41 43 24 49 64 88 107 107 103 106 86 94 84 94 Avg Prop Armor Cover (%) 7 | . . . . . . 4 . . . 11 . 12 . . . . 2 2 2 11 Naked Turns . | . . . . . . . . . . . . . . . . . . . . . Heaviest Build 129 | 14 29 31 39 31 56 63 63 122 121 129 41 86 83 113 112 112 111 67 75 125 Greatest Support 186 | 20 40 40 63 60 80 88 82 82 80 80 120 148 148 148 147 153 186 130 103 145 Greatest Overweight (x) 8 | . . . . . . 2 1 2 1 6 . . . . . 1 1 . . 8 Average Overweight (x) . | . . . . . . . . . 1 . . . . . . . . . . 1 Largest Inventory Capacity 25 | 8 15 15 15 15 15 15 15 25 25 25 10 15 15 20 20 20 20 20 20 20 Average Capacity 17 | 8 11 15 15 15 15 15 15 20 25 16 10 14 15 16 20 20 20 20 20 16 Most Carried 25 | 8 15 15 15 15 15 15 15 16 25 25 10 15 15 20 20 20 20 20 20 20 Average Carried 15 | 5 9 14 14 15 14 14 14 15 17 16 8 12 14 14 19 15 17 20 20 15 Final Capacity 25 | 8 15 15 15 15 15 15 15 25 25 10 10 15 15 20 20 20 20 20 20 15 Final Carried 25 | 7 15 15 15 15 15 15 15 16 25 10 7 15 14 20 20 12 20 20 20 7 Class Distribution -------------------- 26% | Scavenger-Mutant 21% | Scavenger-Tank 10% | Commander-Gunner 8% | Tank 7% | Scavenger-Gunner 7% | Mutant 5% | Scavenger-Skirmisher Dominant Class ---------------- Scavenger-Mutant | -10/Materials Scavenger-Mutant | -10/Mines Scavenger-Mutant | -9/Materials Scavenger-Mutant | -9/Mines Scavenger-Mutant | -8/Materials Scavenger-Tank | -7/Factory Scavenger-Skirmisher | -7/Storage Commander-Mutant | -7/Recycling Commander-Gunner | -7/Scraptown Hacker-Sprinter | -5/Factory Hacker-Tank | -5/Waste Scavenger-Tank | -5/Factory Scavenger-Tank | -5/Upper Caves Scavenger-Tank | -5/Upper Caves Mutant | -5/Zhirov Scavenger-Tank | -4/Proximity Caves Scavenger-Skirmisher | -4/Factory Scavenger-Skirmisher | -4/Upper Caves Scavenger-Gunner | -4/Upper Caves Scavenger-Gunner | -3/Research Resources | -11 -10 -10 -9 -9 -8 -7 -7 -7 -7 -5 -5 -5 -5 -5 -5 -4 -4 -4 -4 -3 ----------- Run | Yrd Mat Min Mat Min Mat Fac Sto Rec Scr Fac Was Fac Upp Upp Zhi Pro Fac Upp Upp Res Matter Collected 12535 | 170 498 51 827 121 617 2297 578 249 54 1625 97 543 129 555 . 342 745 267 150 2620 Remotely 123 | . . . . . . . . . . . . . . . . . . . . 123 Salvage Created 17292 | 59 485 117 1455 164 976 2763 985 460 . 1492 . 946 581 1060 . 313 1162 294 219 3761 Parts 787 | 7 45 4 86 17 59 150 39 17 . 37 . 38 23 28 . 12 58 8 12 147 Haulers Intercepted 22 | . 2 . 4 . 4 4 2 . . 3 . 3 . . . . . . . . Recyclers Shooed 13 | . 1 . 4 . . . 2 1 . 2 . 1 . . . . . . . 2 Parts Field Recycled . | . . . . . . . . . . . . . . . . . . . . . Retrieved Matter . | . . . . . . . . . . . . . . . . . . . . . Parts Self-Destructed 100 | . . . . . . . . . . . . . 25 36 . 12 . 18 9 . Prevented 2 | . . . . . . . . . . . . . . . . . . . 2 . Parts Restored . | . . . . . . . . . . . . . . . . . . . . . Kills | -11 -10 -10 -9 -9 -8 -7 -7 -7 -7 -5 -5 -5 -5 -5 -5 -4 -4 -4 -4 -3 ------- Run | Yrd Mat Min Mat Min Mat Fac Sto Rec Scr Fac Was Fac Upp Upp Zhi Pro Fac Upp Upp Res Combat Hostiles Destroyed 295 | . 13 3 31 10 18 43 19 8 . 16 . 6 16 21 . 6 17 4 4 60 Melee 8 | . . . . . . 1 . . . 1 . . . . . . . . . 6 Guns 145 | . 10 3 24 5 15 34 7 8 . 7 . . . 3 . . 13 4 4 8 Cannons 53 | . . . . . . . 1 . . . . 5 11 7 . 6 3 . . 20 AOE 76 | . 3 . 6 5 3 6 11 . . 8 . . 4 10 . . . . . 20 Classes Destroyed 21 | 1 6 1 3 . . 5 1 . . . . 2 . . . 1 1 . . . Worker 17 | . 2 . . . . 7 1 . . 1 . . . . . . . . . 6 Builder 12 | . . . . . . 3 1 . . . . 1 . . . . 1 . . 6 Tunneler 6 | 3 . . . . . 1 . . . 1 . . . . . . . . . 1 Hauler 22 | . 2 . 4 . 4 4 2 . . 3 . 3 . . . . . . . . Recycler 28 | . . . 1 . . 6 2 . . 6 . 2 . . . . 1 . . 10 Mechanic 1 | . . . . . . . 1 . . . . . . . . . . . . . Operator 4 | . 1 . 1 . . 1 . . . 1 . . . . . . . . . . Drone 1 | . . . . . . . . . . . . . . . . 1 . . . . Watcher 13 | . 3 . 2 . 1 3 . . . 2 . . . . . . . . . 2 Swarmer 78 | . 9 . 7 7 5 7 . . . 7 . . 12 . . . 4 . . 20 Cutter 1 | . . . . . . 1 . . . . . . . . . . . . . . Grunt 104 | . 4 2 14 3 7 17 16 3 . 4 . . 1 9 . . 3 4 . 17 Brawler 9 | . . . 1 . 1 1 . . . . . 1 . 5 . . . . . . Duelist 6 | . . . . . . . . . . . . 2 1 2 . . . . . 1 Protector 1 | . . . . . . . . . . . . 1 . . . . . . . . Sentry 34 | . . . 9 . 5 6 1 3 . 1 . . 2 2 . 1 . . . 4 Specialist 2 | . . . . . . . . . . . . . . . . . 2 . . . Hunter 21 | . . . . . . 2 1 . . . . . . 3 . 4 4 . . 7 Programmer 36 | . . . . . . 8 1 2 . 4 . 2 . . . . 4 . 4 11 Heavy 1 | . . . . . . 1 . . . . . . . . . . . . . . Assembled 1 | . . 1 . . . . . . . . . . . . . . . . . . Wasp 1 | . . . . . . . . . . . . 1 . . . . . . . . Thug 2 | . . . . . . . 2 . . . . . . . . . . . . . Best Kill Streak 18 | 2 5 2 4 7 4 6 18 5 . 7 . 2 5 9 . 2 4 3 2 17 Combat Bots Only 13 | . 3 2 3 7 3 4 13 5 . 6 . 2 5 9 . 2 4 3 2 6 Max Kills in Single Turn 8 | 1 2 1 3 3 2 4 6 1 . 3 . 1 4 4 . 1 3 1 1 8 Gunslinging 1 | . . . . . . . . . . . . . . . . . 1 . . . Exploded 4 | . 2 . 3 3 2 2 3 . . 3 . . 4 4 . . . . . 4 Melee 1 | . . . . . . 1 . . . 1 . . . . . . . . . 1 Uniques/NPCs Destroyed . | . . . . . . . . . . . . . . . . . . . . . Combat | -11 -10 -10 -9 -9 -8 -7 -7 -7 -7 -5 -5 -5 -5 -5 -5 -4 -4 -4 -4 -3 -------- Run | Yrd Mat Min Mat Min Mat Fac Sto Rec Scr Fac Was Fac Upp Upp Zhi Pro Fac Upp Upp Res Hostile Shots Fired 2357 | . 68 15 156 39 85 418 109 136 . 130 . 15 96 112 . 138 162 34 24 620 Missed 677 | . 21 4 44 8 21 139 31 50 . 52 . 3 23 26 . 30 38 10 4 173 Hits 1680 | . 47 11 112 31 64 279 78 86 . 78 . 12 73 86 . 108 124 24 20 447 Melee 8 | . . . . . 2 1 . . . . . 1 1 3 . . . . . . Projectile 1672 | . 47 11 112 31 62 278 78 86 . 78 . 11 72 83 . 108 124 24 20 447 AOE 1 | . . . . . . . . . . 1 . . . . . . . . . . Critical Strikes 62 | . . 1 3 2 3 11 1 3 . 7 . 2 1 3 . 5 1 2 1 16 Part Disruptions 6 | . . . . . . 1 . . . . . . . . . . . . 1 4 Actively Blocked 1 | . . . . . . . . . . . . . . . . . . . . 1 Damage Taken 28372 | . 506 167 1424 369 926 4093 936 827 . 1654 . 344 1225 1861 . 1735 1779 488 394 9644 Core 3001 | . 150 16 187 96 100 277 61 38 . 231 . 38 67 112 . 91 163 41 38 1295 Absorbed by Shields 77 | . . . . . . . . 44 . 33 . . . . . . . . . . Reduced by Siege Mode 959 | . . . . . . . . . . . . . 119 138 . 156 38 23 21 464 Redirected to Shielding 241 | . . . . . . . . . . 25 . 33 27 24 . 29 . . . 103 Regen/Repaired (Parts) 1839 | . . . 123 . . 295 . . . . 383 236 802 . . . . . . . Core Remaining (%) 59 | 100 . 33 . 29 81 . . . 46 . . . . . . 46 . . 78 . Volleys Fired 901 | 4 75 12 111 15 67 137 39 14 . 43 3 37 40 54 . 29 36 11 9 165 Largest 4 | 2 2 2 2 2 2 3 3 3 . 3 1 2 2 3 . 3 4 4 4 4 Hottest 276 | 40 40 100 88 46 48 84 84 84 . 136 120 218 218 273 . 235 166 120 120 276 Shots Fired 1814 | 8 148 22 203 28 132 377 77 40 . 85 1 57 60 99 . 51 110 43 31 242 Gun 1408 | 8 146 20 201 26 130 371 63 40 . 78 1 4 . 28 . 16 88 43 31 114 Cannon 352 | . . . . . . 1 5 . . . . 53 59 67 . 35 22 . . 110 Launcher 52 | . 2 . 2 2 2 5 9 . . 7 . . 1 4 . . . . . 18 Special 2 | . . 2 . . . . . . . . . . . . . . . . . . Kinetic 1420 | 8 146 19 165 26 130 371 63 40 . 42 . 2 . 21 . 44 99 43 31 170 Thermal 301 | . . 3 36 . . 1 5 . . 36 1 55 59 74 . 7 . . . 24 Explosive 52 | . 2 . 2 2 2 5 9 . . 7 . . 1 4 . . . . . 18 Electromagnetic 41 | . . . . . . . . . . . . . . . . . 11 . . 30 Robot Hit Streak 24 | 5 9 11 17 16 14 19 8 11 . 11 2 11 12 24 . 10 18 9 10 11 Robot Miss Streak 9 | . 8 1 5 1 4 4 2 2 . 3 . 3 3 3 . 2 3 3 2 9 Penetration Max 1 | . . . . . . 1 1 1 . 1 . . . 1 . 1 1 . 1 1 Secondary Targets 24 | . 1 1 3 2 2 2 1 3 . 3 . . . . . . 2 1 1 2 Max Gunslinging Chain 1 | . 1 1 1 1 1 1 1 1 . 1 . . . . . . 1 1 1 1 Shots Hit Robots 1217 | 5 76 16 148 23 83 264 48 29 . 79 1 33 33 57 . 39 67 30 21 165 Core Hits 750 | 4 31 8 61 12 40 116 52 15 . 81 . 20 23 80 . 17 37 13 7 133 Critical Kills 19 | . . . . . . 1 1 1 . 2 . 1 . 1 . 6 4 . 2 . Critical Parts Destroyed 30 | . . . 1 . . 4 . 1 . . . . . 2 . 12 4 2 1 3 Critical Strikes 73 | . . . 3 . . 5 1 2 . 2 . 1 . 3 . 18 8 2 3 25 Burn 2 | . . . 2 . . . . . . . . . . . . . . . . . Meltdown 3 | . . . . . . 1 . . . . . 1 . 1 . . . . . . Destroy 43 | . . . 1 . . 3 1 2 . . . . . 2 . 18 8 2 3 3 Blast 10 | . . . . . . . . . . . . . . . . . . . . 10 Corrupt 2 | . . . . . . . . . . . . . . . . . . . . 2 Smash 3 | . . . . . . 1 . . . 2 . . . . . . . . . . Sever 10 | . . . . . . . . . . . . . . . . . . . . 10 Melee Attacks 163 | . . . . . . 25 . . . 59 . . . . . . 15 . . 64 Impact 98 | . . . . . . 25 . . . 59 . . . . . . 14 . . . Slashing 65 | . . . . . . . . . . . . . . . . . 1 . . 64 Piercing . | . . . . . . . . . . . . . . . . . . . . . Sneak Attacks 10 | . . . . . . 2 . . . 6 . . . . . . . . . 2 Combat Hostiles . | . . . . . . . . . . . . . . . . . . . . . Follow-up Attacks . | . . . . . . . . . . . . . . . . . . . . . Damage Inflicted 42183 | 62 1063 166 2483 629 1416 6441 3027 700 . 3572 36 1588 1487 3618 . 694 1812 656 569 12164 Guns 17972 | 62 853 164 2198 313 1251 4827 914 700 . 1424 36 90 . 540 . 250 1489 656 569 1636 Cannons 8691 | . . . . . . 28 80 . . . . 1475 1249 1478 . 444 318 . . 3619 Explosions 12140 | . 209 . 258 316 161 1065 2033 . . 920 . . 238 1600 . . 5 . . 5335 Melee 3299 | . . . . . . 512 . . . 1213 . . . . . . . . . 1574 Ramming 81 | . 1 2 27 . 4 9 . . . 15 . 23 . . . . . . . . Kinetic 19463 | 62 853 164 1823 313 1251 4827 914 700 . 623 . 51 . 370 . 563 1590 656 569 4134 Thermal 6709 | . . . 375 . . 429 80 . . 801 36 1514 1249 1648 . 131 . . . 446 Explosive 11671 | . 146 . 258 316 161 664 2033 . . 920 . . 238 1600 . . . . . 5335 Electromagnetic 960 | . 63 . . . . . . . . . . . . . . . 222 . . 675 Impact 1725 | . . . . . . 512 . . . 1213 . . . . . . . . . . Slashing 1574 | . . . . . . . . . . . . . . . . . . . . 1574 Piercing . | . . . . . . . . . . . . . . . . . . . . . Highest Corruption 39 | . . . . . . 7 11 14 . 10 10 11 11 11 11 11 4 4 6 39 Average Corruption 9 | . . . . . . 4 9 13 . 4 10 10 11 11 11 11 3 4 5 16 Corruption Purged . | . . . . . . . . . . . . . . . . . . . . . Corruption Blocked . | . . . . . . . . . . . . . . . . . . . . . Effects 543 | . . . . . . 70 15 36 . 27 5 42 50 81 10 37 21 9 9 131 Message Errors 132 | . . . . . . 19 . 15 . 5 1 11 9 22 1 9 7 6 2 25 Matter Fused 110 | . . . . . . 13 4 7 . 7 1 10 10 13 1 6 4 . 1 33 Heat Flow Errors 55 | . . . . . . 4 3 2 . 3 . 7 7 14 2 5 1 1 . 6 Energy Discharges 80 | . . . . . . 9 3 6 . 5 1 5 8 12 3 6 3 . 2 17 Parts Rejected 9 | . . . . . . 4 . 1 . . . 1 . 1 . . 1 . . 1 Parts Fused 5 | . . . . . . . . . . . . . . . . . . . . 5 Data Loss (minor) 55 | . . . . . . 5 2 2 . 3 . 2 10 7 . 6 1 1 3 13 Data Loss (major) 29 | . . . . . . 5 1 1 . 4 1 2 1 3 3 1 3 . . 4 Misfires 23 | . . . . . . 4 . 1 . . . 3 1 5 . 3 . . 1 5 Alerts 9 | . . . . . . 2 . . . . . . 2 2 . 1 . . . 2 Misdirections 7 | . . . . . . . . . . . 1 . . . . . . . . 6 Weapon Failures 29 | . . . . . . 5 2 1 . . . 1 2 2 . . 1 1 . 14 Overload Shots 4 | . . . . . . . . . . . . . . . . . . . . 4 Overflow Damage 1682 | . 24 . . 35 . 265 38 . . 325 . 52 24 32 . . . . . 887 Projectiles 581 | . . . . . . . . . . 13 . 52 24 32 . . . . . 460 Explosions 463 | . 24 . . 35 . 10 38 . . 3 . . . . . . . . . 353 Melee 638 | . . . . . . 255 . . . 309 . . . . . . . . . 74 Knockbacks 30 | . . . . . . . . . . 3 . . . . . 9 2 . . 16 Impact 2 | . . . . . . . . . . 2 . . . . . . . . . . Kinetic 25 | . . . . . . . . . . . . . . . . 8 2 . . 15 Secondary 3 | . . . . . . . . . . 1 . . . . . 1 . . . 1 Self-Inflicted Damage 335 | . 27 . . . . 70 . . . 8 . . 22 53 . . . . . 155 Shots 14 | . 1 . . . . 2 . . . 1 . . 1 2 . . . . . 7 Rammed 14 | . 1 1 6 . 1 1 . . . 1 . 3 . . . . . . . . Targets Rammed 15 | . 1 1 6 . 1 2 . . . 1 . 3 . . . . . . . . Kicked . | . . . . . . . . . . . . . . . . . . . . . Crushed 1 | . . . . . . 1 . . . . . . . . . . . . . . Highest Temperature 448 | . 18 24 177 48 24 420 418 348 . 250 222 448 239 349 76 197 66 100 . 288 Average Temperature 77 | . 5 10 36 27 8 91 118 135 . 61 120 100 128 76 39 71 21 31 . 89 Received Heat Transfer 4841 | . 141 111 627 216 414 873 378 267 . 288 . 27 117 246 . . 282 193 . 661 Effects 15 | . . . . . . 2 5 1 . . . 7 . . . . . . . . Shutdowns 2 | . . . . . . . . . . . . 2 . . . . . . . . Interference 10 | . . . . . . 2 5 . . . . 3 . . . . . . . . Matter Decay 2 | . . . . . . . . . . . . 2 . . . . . . . . Damage (minor) 1 | . . . . . . . . 1 . . . . . . . . . . . . Siege Activations 29 | . . . . . . . . . . . . 4 4 5 . 2 6 2 2 4 Total Turns 423 | . . . . . . . . . . . . 38 62 99 . 74 53 27 14 56 Longest Duration 54 | . . . . . . . . . . . . 15 29 49 . 54 12 19 10 18 Martial Activations . | . . . . . . . . . . . . . . . . . . . . . Shielding Activations . | . . . . . . . . . . . . . . . . . . . . . Robots Disrupted . | . . . . . . . . . . . . . . . . . . . . . Combat Hostiles . | . . . . . . . . . . . . . . . . . . . . . Robots Corrupted 12 | . . . . . . 2 . . . 3 . . . . . . 1 . . 6 Combat Hostiles 8 | . . . . . . 1 . . . . . . . . . . 1 . . 6 Parts Fried 16 | . . . . . . 3 . . . 5 . . . . . . . . . 8 Impact Corruptions 15 | . . . . . . 7 . . . 7 . . . . . . . . . 1 Robots Melted 5 | . . . 1 . . 1 . . . . . 1 1 1 . . . . . . Combat Hostiles 5 | . . . 1 . . 1 . . . . . 1 1 1 . . . . . . Parts Melted 13 | . . . 5 . . 1 . . . 1 . 5 . . . . . . . 1 Heat Transferred 8437 | . . . 1073 . . 287 111 . . 1775 50 1260 1353 1799 . 148 . . . 581 Parts Sabotaged . | . . . . . . . . . . . . . . . . . . . . . Parts Stolen . | . . . . . . . . . . . . . . . . . . . . . Parts Stripped . | . . . . . . . . . . . . . . . . . . . . . Power Chain Reactions 1 | . 1 . . . . . . . . . . . . . . . . . . . Alert | -11 -10 -10 -9 -9 -8 -7 -7 -7 -7 -5 -5 -5 -5 -5 -5 -4 -4 -4 -4 -3 ------- Run | Yrd Mat Min Mat Min Mat Fac Sto Rec Scr Fac Was Fac Upp Upp Zhi Pro Fac Upp Upp Res Maximum Alert Level 4 | . . . 1 1 1 4 3 2 . 3 1 4 . . . . 1 . . 4 Low Security (%) 46 | 100 100 100 40 22 47 43 . . . 54 . 6 . . . . 78 . . 42 Level 1 27 | . . . 59 77 52 21 . 62 . 17 100 14 . . . . 21 . . 18 Level 2 9 | . . . . . . . 33 37 . 5 . 7 . . . . . . . 35 Level 3 10 | . . . . . . 28 66 . . 22 . 9 . . . . . . . 2 Level 4 5 | . . . . . . 6 . . . . . 62 . . . . . . . . Level 5 . | . . . . . . . . . . . . . . . . . . . . . High Security . | . . . . . . . . . . . . . . . . . . . . . Max Security . | . . . . . . . . . . . . . . . . . . . . . Peak Influence 1469 | 5 126 30 339 282 295 1209 972 540 . 837 325 1469 . . . . 249 . . 1136 Initial 548 | . 3 11 . 113 86 105 548 364 . . 291 167 . . . . 150 . . . Average 312 | 2 35 2 200 221 205 388 748 374 . 273 282 1006 . . . . 145 . . 276 Influence Increases 12744 | 15 432 51 907 279 661 1871 614 371 . 1434 68 1943 340 538 . 125 763 90 100 2142 Destroy 0b10 Robot/C 6720 | . 260 40 620 220 360 860 380 240 . 460 . 680 320 480 . 100 340 80 80 1200 Destroy 0b10 Robot/NC 630 | 15 40 . 40 . 25 125 40 10 . 70 . 125 . . . 5 10 . . 125 Destroy Leader 1314 | . 60 10 162 30 100 272 74 . . 88 . 124 20 40 . 20 70 10 20 214 Allied During Kill 792 | . . . . 10 5 4 . 16 . 81 . 658 . 18 . . . . . . Successful Hack 144 | . 16 . 5 . 12 49 . . . 42 . 11 . . . . 9 . . . Select Force Hacks 120 | . . . . . 30 . . 90 . . . . . . . . . . . . Disable Machine 810 | . 45 . 15 . 45 165 45 . . 225 . 105 . . . . 120 . . 45 Destroy Structure 1284 | . 11 1 20 19 24 51 60 . . 288 68 210 . . . . 34 . . 498 Advance Influence 150 | . . . . . . . . . . . . . . . . . 150 . . . Partial Spotted 15 | . . . . . . . . . . 15 . . . . . . . . . . Lose Combat Pursuer 765 | . . . 45 . 60 345 15 15 . 165 . 30 . . . . 30 . . 60 Influence Decreases 11608 | 10 407 81 616 348 650 897 887 1066 239 601 662 772 1014 893 381 125 560 239 154 1006 Entered New Map 3676 | . 2 19 . 178 136 128 659 570 239 . 542 72 522 141 381 . . 76 11 . Time Decay 6297 | 10 405 52 576 150 464 647 198 356 . 349 80 470 482 632 . 105 490 163 130 538 Lost Part 1055 | . . 10 40 20 10 122 30 60 . 132 . . 10 50 . 20 70 . 13 468 Lost Ally 580 | . . . . . 40 . . 80 . 120 40 230 . 70 . . . . . . Squads Dispatched 74 | . 1 . 1 . 3 13 6 . . 17 . 8 . 1 . . 8 . . 16 Investigation 20 | . 1 . . . 2 2 1 . . 7 . 1 . . . . 3 . . 3 Extermination 20 | . . . . . . 7 1 . . 3 . 2 . . . . 2 . . 5 Reinforcement 20 | . . . 1 . 1 4 2 . . 3 . 1 . . . . 3 . . 5 Assault 8 | . . . . . . . 2 . . . . 4 . 1 . . . . . 1 Garrison 6 | . . . . . . . . . . 4 . . . . . . . . . 2 Intercept . | . . . . . . . . . . . . . . . . . . . . . Searches Triggered . | . . . . . . . . . . . . . . . . . . . . . Construction Impeded 8 | . . . . . . 1 1 . . 1 . 1 . . . . 1 . . 3 Haulers Reinforced 2 | . . . . . . . 1 . . 1 . . . . . . . . . . Active Scanning Responses . | . . . . . . . . . . . . . . . . . . . . . Cargo Convoy Interrupts . | . . . . . . . . . . . . . . . . . . . . . Stealth | -11 -10 -10 -9 -9 -8 -7 -7 -7 -7 -5 -5 -5 -5 -5 -5 -4 -4 -4 -4 -3 --------- Run | Yrd Mat Min Mat Min Mat Fac Sto Rec Scr Fac Was Fac Upp Upp Zhi Pro Fac Upp Upp Res Distress Signals 23 | . 2 . 3 . 1 5 1 2 . 3 . 3 . . . . 2 . . 1 Communications Jammed . | . . . . . . . . . . . . . . . . . . . . . Distress Signals . | . . . . . . . . . . . . . . . . . . . . . Times Spotted 476 | . 22 3 47 13 26 77 26 14 . 40 6 37 17 25 . 7 25 4 4 83 Peak Tracking Total 10 | . 4 2 5 4 4 6 9 9 . 10 4 6 5 9 . 2 5 3 2 6 Tactical Retreats 27 | . . . 3 . 4 4 1 1 . 6 . 2 . . . . 2 . . 4 Traps | -11 -10 -10 -9 -9 -8 -7 -7 -7 -7 -5 -5 -5 -5 -5 -5 -4 -4 -4 -4 -3 ------- Run | Yrd Mat Min Mat Min Mat Fac Sto Rec Scr Fac Was Fac Upp Upp Zhi Pro Fac Upp Upp Res Traps Triggered 19 | . 2 . . . 1 4 2 . . 5 . . . . . . 1 . . 4 Indirectly 1 | . . . . . . . . . . . . . . . . . 1 . . . Trap Hack Attempts . | . . . . . . . . . . . . . . . . . . . . . Triggered . | . . . . . . . . . . . . . . . . . . . . . Disarmed . | . . . . . . . . . . . . . . . . . . . . . Reprogrammed . | . . . . . . . . . . . . . . . . . . . . . Reused . | . . . . . . . . . . . . . . . . . . . . . Traps Extracted . | . . . . . . . . . . . . . . . . . . . . . Installed . | . . . . . . . . . . . . . . . . . . . . . Triggered . | . . . . . . . . . . . . . . . . . . . . . Most Traps Carried 2 | . . . . . . . . . 2 2 . . . . . 1 1 1 1 1 Machines | -11 -10 -10 -9 -9 -8 -7 -7 -7 -7 -5 -5 -5 -5 -5 -5 -4 -4 -4 -4 -3 ---------- Run | Yrd Mat Min Mat Min Mat Fac Sto Rec Scr Fac Was Fac Upp Upp Zhi Pro Fac Upp Upp Res Machines Disabled 56 | . 3 . 1 . 3 11 3 . . 15 . 7 1 1 . . 8 . . 3 Max in Single Turn 6 | . 3 . 1 . 1 4 1 . . 6 . 1 1 1 . . 5 . . 1 Garrison Access 6 | . . . . . . 2 . . . 1 . . . . . . 2 . . 1 Machines Repaired . | . . . . . . . . . . . . . . . . . . . . . Machines Dismantled . | . . . . . . . . . . . . . . . . . . . . . Machines Sabotaged . | . . . . . . . . . . . . . . . . . . . . . Overloaded Fab Kills . | . . . . . . . . . . . . . . . . . . . . . Hacking | -11 -10 -10 -9 -9 -8 -7 -7 -7 -7 -5 -5 -5 -5 -5 -5 -4 -4 -4 -4 -3 --------- Run | Yrd Mat Min Mat Min Mat Fac Sto Rec Scr Fac Was Fac Upp Upp Zhi Pro Fac Upp Upp Res Machines Accessed 90 | . 5 . 6 . 5 16 3 3 5 15 . 5 . 1 7 . 7 . 1 11 Terminals 37 | . 5 . 5 . 4 8 2 . . 6 . 1 . . . . 1 . 1 4 Fabricators 7 | . . . . . . 2 . . . 3 . 1 . . . . . . . 1 Repair Stations 7 | . . . 1 . . 2 1 . . 2 . 1 . . . . . . . . Recycling Units 15 | . . . . . 1 . . 3 . 3 . 1 . . . . 4 . . 3 Scanalyzers 4 | . . . . . . 2 . . . . . 1 . . . . . . . 1 Garrison Access 7 | . . . . . . 2 . . . 1 . . . . . . 2 . . 2 Total Hacks 185 | . 9 . 11 . 7 33 8 3 16 32 . 13 . 1 20 . 15 . 1 16 Successful 105 | . 7 . 3 . 6 12 . 3 16 14 . 10 . 1 20 . 7 . 1 5 Failed 80 | . 2 . 8 . 1 21 8 . . 18 . 3 . . . . 8 . . 11 Catastrophic 19 | . . . 1 . . 9 1 . . 3 . . . . . . . . . 5 Database Lockouts . | . . . . . . . . . . . . . . . . . . . . . Manual 64 | . 7 . 9 . 6 14 1 3 . 6 . 3 . . . . 10 . . 5 Terminals 77 | . 9 . 9 . 6 16 6 . . 17 . 4 . . . . 2 . 1 7 Fabricators 8 | . . . . . . 2 . . . 4 . 1 . . . . . . . 1 Repair Stations 17 | . . . 2 . . 6 2 . . 5 . 2 . . . . . . . . Recycling Units 23 | . . . . . 1 . . 3 . 3 . 2 . . . . 10 . . 4 Scanalyzers 12 | . . . . . . 6 . . . . . 4 . . . . . . . 2 Garrison Access 11 | . . . . . . 3 . . . 3 . . . . . . 3 . . 2 Terminal Hacks 56 | . 2 . 1 . 1 1 . . 16 7 . 2 . 1 20 . 2 . 1 2 Record 25 | . . . . . . . . . 15 . . . . . 8 . . . 1 1 Part Schematic 5 | . . . . . . . . . . 1 . . . . 4 . . . . . Robot Analysis 5 | . 1 . . . . . . . . . . . . . 4 . . . . . Prototype ID Bank 4 | . . . . . . . . . . . . . . . 4 . . . . . Open Door 1 | . . . . . . . . . . . . . . 1 . . . . . . Branch Access Points 3 | . . . 1 . . . . . . 1 . 1 . . . . . . . . Alert Level 3 | . . . . . . . . . . 1 . 1 . . . . . . . 1 Locate Traps 7 | . 1 . . . 1 1 . . . 3 . . . . . . 1 . . . Registered Components 1 | . . . . . . . . . . 1 . . . . . . . . . . Zone Layout 1 | . . . . . . . . . . . . . . . . . 1 . . . Proto ID Catalog 1 | . . . . . . . . . 1 . . . . . . . . . . . Fabricator Hacks 1 | . . . . . . . . . . 1 . . . . . . . . . . Build 1 | . . . . . . . . . . 1 . . . . . . . . . . Repair Station Hacks 10 | . . . 2 . . 4 . . . 2 . 2 . . . . . . . . Scan Component 6 | . . . 1 . . 2 . . . 2 . 1 . . . . . . . . Repair 4 | . . . 1 . . 2 . . . . . 1 . . . . . . . . Recycling Unit Hacks . | . . . . . . . . . . . . . . . . . . . . . Scanalyzer 8 | . . . . . . 4 . . . . . 4 . . . . . . . . Insert Component 1 | . . . . . . . . . . . . 1 . . . . . . . . Analyze 1 | . . . . . . . . . . . . 1 . . . . . . . . Retrieve Study 6 | . . . . . . 4 . . . . . 2 . . . . . . . . Garrison Access Hacks 6 | . . . . . . 2 . . . 1 . . . . . . 2 . . 1 Seal Access 6 | . . . . . . 2 . . . 1 . . . . . . 2 . . 1 Unauthorized Hacks 24 | . 5 . . . 5 1 . 3 . 3 . 2 . . . . 3 . . 2 Terminals 9 | . 5 . . . 4 . . . . . . . . . . . . . . . Skim 9 | . 5 . . . 4 . . . . . . . . . . . . . . . Fabricators 2 | . . . . . . 1 . . . . . 1 . . . . . . . . Liberate 2 | . . . . . . 1 . . . . . 1 . . . . . . . . Repair Stations . | . . . . . . . . . . . . . . . . . . . . . Recycling Units 13 | . . . . . 1 . . 3 . 3 . 1 . . . . 3 . . 2 Tunnel 4 | . . . . . 1 . . 3 . . . . . . . . . . . . Fedlink 9 | . . . . . . . . . . 3 . 1 . . . . 3 . . 2 Scanalyzers . | . . . . . . . . . . . . . . . . . . . . . Garrison Access . | . . . . . . . . . . . . . . . . . . . . . Data Cores Recovered 2 | . . . 1 . . . . . . 1 . . . . . . . . . . Used . | . . . . . . . . . . . . . . . . . . . . . Hacking Detections 50 | . 3 . 6 . 1 12 3 . . 10 . 2 . . . . 5 . . 8 Full Trace Events 6 | . . . . . . 1 1 . . 3 . . . . . . . . . 1 Feedback Events 1 | . . . . . . . 1 . . . . . . . . . . . . . Corruption 1 | . . . . . . . 1 . . . . . . . . . . . . . Feedback Blocked . | . . . . . . . . . . . . . . . . . . . . . Robot Schematics Acquired . | . . . . . . . . . . . . . . . . . . . . . Robots Built . | . . . . . . . . . . . . . . . . . . . . . Authchips . | . . . . . . . . . . . . . . . . . . . . . Time . | . . . . . . . . . . . . . . . . . . . . . Total Robot Build Rating . | . . . . . . . . . . . . . . . . . . . . . Part Schematics Acquired 6 | . . . . . . . . . . 1 . 1 . . 4 . . . . . Parts Built . | . . . . . . . . . . . . . . . . . . . . . Authchips . | . . . . . . . . . . . . . . . . . . . . . Time 69 | . . . . . . . . . . 69 . . . . . . . . . . Total Part Build Rating . | . . . . . . . . . . . . . . . . . . . . . Part Studies Acquired 5 | . . . . . . 4 . . . . . 1 . . . . . . . . Parts Repaired 3 | . . . 1 . . 2 . . . . . . . . . . . . . . Time 195 | . . . 32 . . 60 . . . . . 103 . . . . . . . . Parts Recycled . | . . . . . . . . . . . . . . . . . . . . . Recycled Matter . | . . . . . . . . . . . . . . . . . . . . . Retrieved Matter . | . . . . . . . . . . . . . . . . . . . . . Retrieved Components . | . . . . . . . . . . . . . . . . . . . . . Parts Scanalyzed 1 | . . . . . . . . . . . . 1 . . . . . . . . Part Schematics Acquired 1 | . . . . . . . . . . . . 1 . . . . . . . . Parts Damaged . | . . . . . . . . . . . . . . . . . . . . . Bothacking | -11 -10 -10 -9 -9 -8 -7 -7 -7 -7 -5 -5 -5 -5 -5 -5 -4 -4 -4 -4 -3 ------------ Run | Yrd Mat Min Mat Min Mat Fac Sto Rec Scr Fac Was Fac Upp Upp Zhi Pro Fac Upp Upp Res Used RIF Installer . | . . . . . . . . . . . . . . . . . . . . . Robots Hacked . | . . . . . . . . . . . . . . . . . . . . . Non-combat . | . . . . . . . . . . . . . . . . . . . . . Combat . | . . . . . . . . . . . . . . . . . . . . . Robot Hacks Applied . | . . . . . . . . . . . . . . . . . . . . . Relay Couplers Released 6 | . . . . . . 3 . . . . . 3 . . . . . . . . Programmers 6 | . . . . . . 3 . . . . . 3 . . . . . . . . Fabnet Peak Effective % . | . . . . . . . . . . . . . . . . . . . . . Robots Rewired 18 | . . . . . . 1 . 14 . . . . 1 2 . . . . . . Allies Hacked 3 | . . . . . . . . . . . . 3 . . . . . . . . Hacks Repelled . | . . . . . . . . . . . . . . . . . . . . . Allies | -11 -10 -10 -9 -9 -8 -7 -7 -7 -7 -5 -5 -5 -5 -5 -5 -4 -4 -4 -4 -3 -------- Run | Yrd Mat Min Mat Min Mat Fac Sto Rec Scr Fac Was Fac Upp Upp Zhi Pro Fac Upp Upp Res Total Allies 49 | . . . . 2 . 1 2 14 . 5 19 3 1 2 . . . . . . Largest Group 19 | . . . . 2 2 1 2 9 9 9 19 15 2 2 . . . . . . Highest-Rated Group 669 | . . . . 45 45 21 62 169 169 235 669 569 56 56 . . . . . . Highest-Rated Ally 50 | . . . . 31 31 21 31 40 40 47 50 50 30 30 . . . . . . Initial UFD Resources 79 | . . . . . . . . . . 39 55 55 57 57 57 61 61 77 77 79 Total Orders 4 | . . . . . . . . 4 . . . . . . . . . . . . FOLLOW 1 | . . . . . . . . 1 . . . . . . . . . . . . DROP 1 | . . . . . . . . 1 . . . . . . . . . . . . COLLECT 2 | . . . . . . . . 2 . . . . . . . . . . . . Ally Attacks 422 | . . . . 3 6 1 11 46 . 57 134 155 . 9 . . . . . . Total Damage 13978 | . . . . 63 21 213 169 940 . 1639 4347 6315 . 271 . . . . . . Kills 79 | . . . . 1 . 1 1 7 . 9 8 49 . 3 . . . . . . Allies Corrupted 4 | . . . . . . . . . . . . 4 . . . . . . . . Allies Melted . | . . . . . . . . . . . . . . . . . . . . . Intel | -11 -10 -10 -9 -9 -8 -7 -7 -7 -7 -5 -5 -5 -5 -5 -5 -4 -4 -4 -4 -3 ------- Run | Yrd Mat Min Mat Min Mat Fac Sto Rec Scr Fac Was Fac Upp Upp Zhi Pro Fac Upp Upp Res Active Infowar (turns) 18235 | 3 1316 571 2142 20 435 2240 262 63 . 682 160 1190 1242 2211 287 428 1281 462 454 2786 Optics 4297 | . . . . . . . . . . . . . . . . . 595 462 454 2786 Sensors 8985 | . . . . . . 844 262 63 . 682 160 1190 1242 2211 287 428 1281 335 . . IFF 110 | . . . . . . . . . . . . . . . . . . . . 110 Structural 1107 | . . . 3 . 435 636 . . . . . . . . . . . . . 33 Seismic 4812 | 3 1316 571 2142 20 . 760 . . . . . . . . . . . . . . Machine Analysis 617 | . . . . . . . . . . . . . . . . . . . . 617 Jamming 4 | . . . . . . . . . . 4 . . . . . . . . . . Robot Analysis Total 5 | . 1 . . . . . . . . . . . . . 4 . . . . . Derelict Logs Recovered 5 | . . 1 . 2 . . . . . . . . . 1 . . . 1 . . Drone Launches . | . . . . . . . . . . . . . . . . . . . . . Drone Recoveries . | . . . . . . . . . . . . . . . . . . . . . Exploration | -11 -10 -10 -9 -9 -8 -7 -7 -7 -7 -5 -5 -5 -5 -5 -5 -4 -4 -4 -4 -3 ------------- Run | Yrd Mat Min Mat Min Mat Fac Sto Rec Scr Fac Was Fac Upp Upp Zhi Pro Fac Upp Upp Res Turns Passed 26048 | 73 1316 571 2142 315 1165 3980 401 810 2626 1591 160 1190 1242 2211 287 868 1281 462 454 2903 Spaces Moved 13300 | 10 719 326 1046 166 562 1789 170 255 1123 1743 223 562 642 1146 161 446 553 249 250 1159 Core . | . . . . . . . . . . . . . . . . . . . . . Treads 10409 | . 492 326 1046 166 562 1789 170 255 1123 210 28 562 642 1146 161 446 553 249 250 233 Legs 895 | 10 227 . . . . . . . . . . . . . . . . . . 658 Wheels 276 | . . . . . . . . . . 46 . . . . . . . . . 230 Hover . | . . . . . . . . . . . . . . . . . . . . . Flight 1720 | . . . . . . . . . . 1487 195 . . . . . . . . 38 Fastest Speed 24 | 120 120 160 160 160 160 155 152 156 229 24 27 165 166 166 170 162 162 160 160 29 Average Speed 155 | 120 147 160 160 160 160 179 155 218 231 56 44 166 166 167 170 165 163 162 160 167 Slowest Speed 560 | 120 160 160 160 160 160 250 212 285 232 560 170 170 166 170 170 250 243 163 160 320 Overloaded Moves . | . . . . . . . . . . . . . . . . . . . . . Propulsion Burnouts . | . . . . . . . . . . . . . . . . . . . . . Robots Hopped 4 | . . . . . . . . . . 4 . . . . . . . . . . Potential Cave-ins 5 | . . . . . . . . . . 3 . . 2 . . . . . . . Cave-ins Triggered . | . . . . . . . . . . . . . . . . . . . . . Teleports 1 | . . . . . . . . . . . . . . . . . . . . 1 Exploration Rate (%) 54 | 3 91 76 75 42 43 53 38 49 82 37 91 20 82 97 62 62 17 52 28 36 Regions Visited 20 Branch Regions 11 Pre-discovered Areas 12 | . 1 1 . 2 1 . . 3 . 1 . . . . 3 . . . . . Known Exits Taken 17 | . 1 1 1 1 1 1 1 1 1 . . 1 1 1 1 1 1 1 1 . Unknown Exits Taken 1 | 1 . . . . . . . . . . . . . . . . . . . . Scrap Searched 13 | . . . . . . . . . 4 . . . 2 5 . . . . 2 . Spaces Dug 93 | . . 2 . . . 1 . . . 33 . 7 9 9 . 1 14 . . 17 Terrain Destroyed 796 | . 10 2 18 22 18 42 66 . . 162 . 19 33 92 . 9 16 1 2 284 Melee 65 | . . . . . . 1 . . . 33 . . . . . . 14 . . 17 Projectile 129 | . . 2 . . . 2 3 . . 3 . 19 21 29 . 9 2 1 2 36 AOE 602 | . 10 . 18 22 18 39 63 . . 126 . . 12 63 . . . . . 231 Terrain Rammed . | . . . . . . . . . . . . . . . . . . . . . Walls Destroyed . | . . . . . . . . . . . . . . . . . . . . . Machines Disabled . | . . . . . . . . . . . . . . . . . . . . . Actions | -11 -10 -10 -9 -9 -8 -7 -7 -7 -7 -5 -5 -5 -5 -5 -5 -4 -4 -4 -4 -3 --------- Run | Yrd Mat Min Mat Min Mat Fac Sto Rec Scr Fac Was Fac Upp Upp Zhi Pro Fac Upp Upp Res Total 16735 | 64 843 349 1318 185 702 2238 239 477 1148 2147 287 765 755 1341 175 533 818 277 281 1793 Wait 1267 | 45 13 3 61 . 29 155 . 46 5 191 33 125 56 78 . 43 169 15 14 186 Move 13273 | 9 718 325 1045 165 561 1788 169 254 1122 1735 222 561 641 1145 160 445 552 248 249 1159 Hop 4 | . . . . . . . . . . 4 . . . . . . . . . . Pick Up 223 | 3 14 2 25 . 8 20 3 . 13 22 6 17 . 17 2 1 14 . . 56 Fast Attach 126 | . 4 . 8 1 5 22 8 3 . 21 1 3 . 2 6 . 3 . 7 32 Attach 169 | 1 2 2 9 . 4 12 2 2 6 19 6 5 1 13 . 11 10 . . 64 Detach 71 | . . . 3 . 1 3 2 3 1 10 5 4 . 5 . 3 5 . 1 25 Swap 137 | 1 6 4 18 4 10 39 9 . . 5 2 2 2 12 . 1 11 3 . 8 Drop 205 | 1 10 . 32 . 16 33 7 . 1 37 9 7 . 7 7 . 3 . 1 34 Fire 901 | 4 75 12 111 15 67 137 39 14 . 43 3 37 40 54 . 29 36 11 9 165 Melee 163 | . . . . . . 25 . . . 59 . . . . . . 15 . . 64 Ram . | . . . . . . . . . . . . . . . . . . . . . Kick . | . . . . . . . . . . . . . . . . . . . . . Crush 15 | . 1 1 6 . 1 2 . . . 1 . 3 . . . . . . . . Escape Stasis . | . . . . . . . . . . . . . . . . . . . . . Rewire 181 | . . . . . . 2 . 155 . . . 1 15 8 . . . . . . Trap . | . . . . . . . . . . . . . . . . . . . . . Miscellaneous . | . . . . . . . . . . . . . . . . . . . . . Route ------- -11/Scrapyard -10/Materials (discovered 6 exits: *Mat x3 / *Min x2 / Sub) -10/Mines (discovered 2 exits: *Mat x2) -9/Materials (discovered 5 exits: *Mat x3 / *Min x2) -9/Mines (discovered 2 exits: *Mat / [*Exi]) -8/Materials (discovered 2 exits: *Fac x2) -7/Factory (discovered 5 exits: *Fac x2 / *Sto / *Low x2) -7/Storage -7/Recycling (discovered 2 exits: *Fac / *Scr) -7/Scraptown (discovered 2 exits: *Fac x2) -5/Factory (discovered 2 exits: *Upp x2) -5/Waste -5/Factory (discovered 2 exits: *Upp x2) -5/Upper Caves -5/Upper Caves (discovered 2 exits: *Fac / *Zhi) -5/Zhirov -4/Proximity Caves -4/Factory (discovered 2 exits: *Res / *Upp) -4/Upper Caves -4/Upper Caves -3/Research (discovered 1 exit: Arm) History --------- Turn | Location | Event 54 | -11/Scrapyard | Discovered new exit (range 2) 74 | -11/Scrapyard | Entered Materials 184 | -10/Materials | Discovered new exit (range 16) 307 | -10/Materials | Build established: Mutant 455 | -10/Materials | Discovered new exit (range 16) 569 | -10/Materials | Discovered new exit (range 8) 748 | -10/Materials | Discovered new exit (range 12) 763 | -10/Materials | Build established: Scavenger-Mutant 875 | -10/Materials | Identified exit to Mines 875 | -10/Materials | Identified exit to Subcaves 912 | -10/Materials | Learned location of Mines (-8) 941 | -10/Materials | Identified exit to Materials 973 | -10/Materials | Loaded intel: 2 recycling unit locations 974 | -10/Materials | Learned location of 2 exits from Mines 991 | -10/Materials | Learned location of 1 exit from Storage 1007 | -10/Materials | Core integrity fell below 50% 1390 | -10/Materials | Entered Mines 1426 | -10/Mines | Learned location of Zion (-6) 1460 | -10/Mines | Met a Derelict bent on vengeance 1816 | -10/Mines | Assembled infested the area 1961 | -10/Mines | Entered Materials 1961 | -9/Materials | Evolved 2 slots: Propulsion x1, Utility x1 1962 | -9/Materials | Identified exit to Mines 2390 | -9/Materials | Discovered new exit (range 5) 2691 | -9/Materials | Discovered new exit (range 16) 2831 | -9/Materials | Repaired Hrd. Light Armor Plating 3506 | -9/Materials | Discovered new exit (range 3) 3510 | -9/Materials | Identified exit to Materials 4103 | -9/Materials | Entered Mines 4106 | -9/Mines | Core integrity fell below 50% 4166 | -9/Mines | Destroyed 7 combat bots 4210 | -9/Mines | Learned location of Storage (-7) 4239 | -9/Mines | Deemed a non-threat by the Exiles lab entrance 4239 | -9/Mines | Discovered new exit (range 5) 4410 | -9/Mines | Discovered exit to Materials (range 6) 4418 | -9/Mines | Entered Materials 4418 | -8/Materials | Accompanied by 2 allies 4418 | -8/Materials | Evolved 2 slots: Propulsion x1, Utility x1 4423 | -8/Materials | Led the pair of lost Derelicts to an unsafe place 4810 | -8/Materials | Build established: Mutant 5093 | -8/Materials | Discovered new exit (range 10) 5107 | -8/Materials | Identified exit to Factory 5122 | -8/Materials | Build established: Scavenger-Mutant 5534 | -8/Materials | Discovered exit to Factory (range 7) 5583 | -8/Materials | Entered Factory 5583 | -7/Factory | Evolved 2 slots: Utility x1, Weapon x1 5837 | -7/Factory | Repaired Hrd. Light Armor Plating 5896 | -7/Factory | Build established: Scavenger-Tank 6246 | -7/Factory | Discovered new exit (range 7) 6254 | -7/Factory | Identified exit to Lower Caves 6347 | -7/Factory | Build established: Tank 6423 | -7/Factory | Repaired Hrd. Heavy Armor Plating 7591 | -7/Factory | Discovered new exit (range 5) 7598 | -7/Factory | Identified exit to Factory 7753 | -7/Factory | Build established: Skirmisher 8117 | -7/Factory | Discovered exit to Factory (range 7) 8220 | -7/Factory | Lost 7 parts (4n2u1w) 8470 | -7/Factory | Build established: Scavenger-Tank 8786 | -7/Factory | Discovered exit to Lower Caves (range 7) 9493 | -7/Factory | Discovered new exit (range 10) 9505 | -7/Factory | Identified exit to Storage 9563 | -7/Factory | Entered Storage 9564 | -7/Storage | Identified exit to Recycling 9584 | -7/Storage | Build established: Scavenger-Mutant 9615 | -7/Storage | Met a pair of Derelict thieves 9623 | -7/Storage | Found Prototype Launcher 9623 | -7/Storage | Identified Rocket Array 9774 | -7/Storage | Destroyed 13 combat bots 9812 | -7/Storage | System corruption reached 10% 9958 | -7/Storage | Used back door to open Recycling access 9964 | -7/Storage | Entered Recycling 9965 | -7/Recycling | Met a Zionite searching for Scraptown 9970 | -7/Recycling | Build established: Scavenger-Skirmisher 10312 | -7/Recycling | Lost 4 allies 10360 | -7/Recycling | Core integrity fell below 50% 10387 | -7/Recycling | Lost 4 parts (1p2n1w) 10494 | -7/Recycling | Discovered new exit (range 8) 10510 | -7/Recycling | Identified exit to Factory 10670 | -7/Recycling | Build established: Commander-Mutant 10702 | -7/Recycling | Scanned before Scraplab entrance 10756 | -7/Recycling | Discovered new exit (range 2) 10756 | -7/Recycling | Identified exit to Scraptown 10774 | -7/Recycling | Entered Scraptown 10774 | -7/Scraptown | Accompanied by 9 allies 10774 | -7/Scraptown | System corruption cleaned by C-Scrubber 10957 | -7/Scraptown | Heard Great Nut preacher, LISTEN AND RECITE! 11407 | -7/Scraptown | Build established: Commander-Gunner 11411 | -7/Scraptown | Discovered exit to Factory (range 13) 11483 | -7/Scraptown | Visited Red Mages 11580 | -7/Scraptown | Visited Symbiants 11643 | -7/Scraptown | Visited Fellowship of the Rings 12020 | -7/Scraptown | Visited The Evicted 12134 | -7/Scraptown | Visited Cyclists 12225 | -7/Scraptown | Visited UFD Registry 12225 | -7/Scraptown | Registered with UFD as "Wrenchdrive" 12373 | -7/Scraptown | Entered Cyclist Reading Room 12482 | -7/Scraptown | Visited Supply Room 12540 | -7/Scraptown | Visited LU-1G1's Boring Crew 12573 | -7/Scraptown | Visited Curators Association 12617 | -7/Scraptown | Visited Junk Cannon Lab 12628 | -7/Scraptown | Found Prototype Special Weapon 12676 | -7/Scraptown | Visited Derelict Rescue Squad 12699 | -7/Scraptown | Found DRS Beacon 12739 | -7/Scraptown | Visited Scrapoid Pod Storage 12751 | -7/Scraptown | Found Scrapoid Pod 12796 | -7/Scraptown | Visited Science Guys 12903 | -7/Scraptown | Visited Scrap Suit Storage 12940 | -7/Scraptown | Visited Chapter 10 12979 | -7/Scraptown | Visited Modified Component R&D 13251 | -7/Scraptown | Met Optimus 13251 | -7/Scraptown | Accepted into 0bPrime 13383 | -7/Scraptown | Discovered exit to Factory (range 5) 13400 | -7/Scraptown | Entered Factory 13400 | -5/Factory | Accompanied by 9 allies 13400 | -5/Factory | Evolved 4 slots: Power x1, Propulsion x1, Utility x2 13880 | -5/Factory | Lost 8 allies 13912 | -5/Factory | Lost 5 parts (1p1n1u2w) 14171 | -5/Factory | Build established: Mutant 14184 | -5/Factory | Scrapoid Pod released 05F05-D (x5) 14301 | -5/Factory | Loaded intel: 8 recycling unit locations 14311 | -5/Factory | Garrison activated, responded to threat 14380 | -5/Factory | Learned location of Protoforge (-2) 14466 | -5/Factory | Identified exit to Upper Caves 14546 | -5/Factory | Garrison activated, responded to threat 14588 | -5/Factory | Lost 3 parts (1p2u) 14948 | -5/Factory | System corruption reached 10% 14991 | -5/Factory | Manually triggered Chute Trap 14991 | -5/Factory | Sucked down chute 14991 | -5/Factory | Entered Waste 14992 | -5/Waste | Met a frightened Derelict 15009 | -5/Waste | Spotted C-40 Crusher 15018 | -5/Waste | Spotted C-40 Crusher 15022 | -5/Waste | Warlord forces began an assault 15044 | -5/Waste | Spotted C-40 Crusher 15045 | -5/Waste | Build established: Hacker-Sprinter 15045 | -5/Waste | Allies destroyed C-40 Crusher 15045 | -5/Waste | Spotted C-40 Crusher 15045 | -5/Waste | Spotted C-40 Crusher 15051 | -5/Waste | Allies destroyed C-40 Crusher 15054 | -5/Waste | Allies destroyed C-40 Crusher 15065 | -5/Waste | Spotted C-40 Crusher 15081 | -5/Waste | Allies destroyed C-40 Crusher 15111 | -5/Waste | Lost 4 allies 15118 | -5/Waste | Discovered new exit (range 12) 15144 | -5/Waste | Identified exit to Factory 15151 | -5/Waste | Entered Factory 15151 | -5/Factory | Accompanied by 15 allies 15289 | -5/Factory | Lost 3 allies 15451 | -5/Factory | First assault squad dispatched 15490 | -5/Factory | P-70 Sage assimilated allied WK-GW3(s) 15539 | -5/Factory | Allied Derelicts emerged from ambush trap array 15543 | -5/Factory | Loaded intel: 8 recycling unit locations 15566 | -5/Factory | Build established: Scavenger-Tank 15682 | -5/Factory | Lost 6 allies 16156 | -5/Factory | Lost 3 allies 16253 | -5/Factory | Lost 3 allies 16341 | -5/Factory | Entered Upper Caves 16341 | -5/Upper Caves | Accompanied by 1 ally 16520 | -5/Upper Caves | Encountered a Warlord checkpoint 16917 | -5/Upper Caves | Attracted the attention of an 0b10 checkpoint 17382 | -5/Upper Caves | Attracted the attention of an 0b10 outpost 17556 | -5/Upper Caves | Discovered new exit (range 12) 17581 | -5/Upper Caves | Identified exit to Upper Caves 17583 | -5/Upper Caves | Entered another Upper Caves area 17583 | -5/Upper Caves | Accompanied by 2 allies 17715 | -5/Upper Caves | Discovered new exit (range 6) 17722 | -5/Upper Caves | Identified exit to Factory 18047 | -5/Upper Caves | Attracted the attention of an 0b10 checkpoint 18106 | -5/Upper Caves | Lost 3 parts (1p1n1w) 18269 | -5/Upper Caves | Attracted the attention of an 0b10 outpost 18312 | -5/Upper Caves | Destroyed 9 combat bots 19102 | -5/Upper Caves | Build established: Tank 19777 | -5/Upper Caves | Discovered new exit (range 8) 19792 | -5/Upper Caves | Identified exit to Zhirov 19794 | -5/Upper Caves | Entered Zhirov 19796 | -5/Zhirov | Discovered new exit (range 3) 19801 | -5/Zhirov | Identified exit to Proximity Caves 19827 | -5/Zhirov | Met Zhirov 19861 | -5/Zhirov | Learned location of Testing (-3) 19895 | -5/Zhirov | Zhirov requested help retrieving the SGEMP Prototype 19922 | -5/Zhirov | Found Alien Artifact 19922 | -5/Zhirov | Identified Integrated Dissipator 19922 | -5/Zhirov | Installed Integrated Dissipator, increased core heat dissipation (+20) 19950 | -5/Zhirov | Found Alien Artifact 20081 | -5/Zhirov | Entered Proximity Caves 20371 | -4/Proximity Caves | Core integrity fell below 50% 20418 | -4/Proximity Caves | Spotter reported a threat 20421 | -4/Proximity Caves | Lost 5 parts (1n2u2w) 20613 | -4/Proximity Caves | Attracted the attention of an 0b10 checkpoint 20849 | -4/Proximity Caves | Discovered exit to Factory (range 14) 20949 | -4/Proximity Caves | Entered Factory 20949 | -4/Factory | Evolved 2 slots: Propulsion x1, Weapon x1 21027 | -4/Factory | Build established: Scavenger-Mutant 21133 | -4/Factory | Loaded intel: 8 recycling unit locations 21694 | -4/Factory | Build established: Scavenger-Skirmisher 21780 | -4/Factory | Discovered new exit (range 17) 21806 | -4/Factory | Identified exit to Research 22118 | -4/Factory | Spotted B-86 Titan 22225 | -4/Factory | Discovered new exit (range 3) 22228 | -4/Factory | Identified exit to Upper Caves 22230 | -4/Factory | Entered Upper Caves 22528 | -4/Upper Caves | Learned Research emergency access door positions 22632 | -4/Upper Caves | Discovered new exit (range 14) 22686 | -4/Upper Caves | Identified exit to Upper Caves 22692 | -4/Upper Caves | Entered another Upper Caves area 22718 | -4/Upper Caves | Discovered exit to Research (range 7) 22903 | -4/Upper Caves | Build established: Scavenger-Gunner 23146 | -4/Upper Caves | Entered Research 23146 | -3/Research | Evolved 2 slots: Utility x2 23147 | -3/Research | Identified exit to Armory 23165 | -3/Research | Found Prototype Launcher 23166 | -3/Research | Identified Adv. Micro-nuke Launcher 23170 | -3/Research | Found Adv. Micro-nuke Launcher 23467 | -3/Research | Lost 6 parts (1p1n3u1w) 24553 | -3/Research | Garrison activated, responded to threat 24641 | -3/Research | Lost 4 parts (2n1u1w) 24720 | -3/Research | System corruption reached 10% 24785 | -3/Research | Core integrity fell below 50% 24809 | -3/Research | Lost 11 parts (2p3n3u3w) 25033 | -3/Research | Lost 3 parts (3n) 25141 | -3/Research | Build established: Scavenger-Mutant 25243 | -3/Research | Spotted B-86 Titan 25358 | -3/Research | Loaded intel: 5 recycling unit locations 25627 | -3/Research | System corruption reached 30% 25652 | -3/Research | Core integrity fell below 20% 25697 | -3/Research | Found Quantum Capacitor 25704 | -3/Research | Lost 5 parts (2p2n1w) 25871 | -3/Research | Lost 5 parts (1p1n1u2w) 25896 | -3/Research | First assault squad dispatched 25922 | -3/Research | Identified Transdimensional Reconstructor 25922 | -3/Research | Warped through subspace 26049 | -3/Research | Destroyed by P-80 Master with Gamma Rifle Last Messages --------------- 26043_ K-01 Serf collects debris. 26043_ Destroyed Wheel. 26043_ Destroyed Structural Scanner. 26043_ U-05 Engineer destroyed. 26043_ R-10 Processor destroyed. 26043_ K-01 Serf destroyed. 26043_ R-10 Processor destroyed. 26043_ K-01 Serf destroyed. 26043_ Destroyed Unknown Special Weapon. 26043_ U-05 Engineer destroyed. 26043_ R-10 Processor destroyed. 26043_ U-05 Engineer destroyed. 26043_ U-05 Engineer lays Concrete. 26045_ The unstable cave ceiling collapses. 26045_ U-05 Engineer builds a Door. 26046_ The unstable cave ceiling collapses. 26047_ P-80 Master destroyed. 26047_ Destroyed Adv. Heat Sink. 26049_ System corrupted: Hvy. Laser failed to cycle. Map ----- +----------------------------------------------------+ | ??????????????????# ! ### ### #???? | | ??????????????????##########?# #?#############???? | | ?????????????????????????????# #????????########## | | ????????????????????????????##%##???????# | | ????????????????????????????## #######??# | | ??????????+???+?????????????##% #??# """ | | ?????????????????""" ????#####+##### #??# """ | | ?????????????????""" ????# ! # #??# """ | | ?????????????????""" ???# # #??# | | ?????????????????? #### # #??# !% | | ?????????????????? #### # ##?# | | ?????????????????""" # ############+##?########## | | ???????????????? """ ##?# | | ?????????????## """ #### | | ?????????????## + + | | ?????????????## """ #### !!! | | ?????????????## """ """ ##?# !!! | | ?????????????## """ % """ ##?# !!! | | ?????????????## """ # #### R | | ???????## ???## ## # | | ??????? # ?? ## ####### | | ??????? # k ##### = u # ###### | | ??????? # gk !% *%| = ## | | ??????? # *!! %! ## | | ??????? # u %= = | ## | | ??????? # R @!% p ## | | ??????? ##???######/##### % ## | | ????????????? # # # ????? | | ???????????????# # #### ????? | | ??????????????????????? # ###???????? | | ??????????????????????? ##### ! ####???????? | | ??????????????????????? ##### !! ###????????? | | ????????????????????????????# !! ##?????????? | | ????????????????????????????# ##?????????? | | ????????????????????????????# ##?????????? | | ????????????????????????????############???# ## | | ???????????????????????????????"""T""" ???# | | ???????????????????????????????????????????+ | | ???????????????????????????????????????????# | | ???????????????????????????????????????????# | | ???????????????????????????????????????????##### | | ???????????????????????????????????????????????# | | ???????????????????????????????+???????????????# | | ???????????????????????????????????????????????# | | ???????????????????????????????????????????????# | | ???????????????????????????????????????????????# ? | | ???????????????????????????????????????????????# ? | | ???????????????????????????????????????????????#?? | | ?????????????????????????????????????????????????? | | ?????????????????????????????????????????????????? | +----------------------------------------------------+ Best States ------------- Heat Dissipation 109 Energy Generation 37 Energy Capacity 510 Matter Stores 300 Matter Capacity 300 Sight Range 22 Robot Scan Range 16 Terrain Scan Density 10 Additional Mass Support 9 Base Temperature (-) 200 Armor Coverage 600 Utility Shielding 66 Point Defense Rating 160 Evasion (%) 65 Target Analysis 8 Core Analysis 6 Armor Integrity Analysis 30 Recoil Reduction 17 Matter Filtering 30 Particle Charging 20 Salvage Targeting 3 Offensive Hacking 34 Defensive Hacking 12 Item Schematics ----------------- Com. HERF Cannon | -5/Factory | Hacked KE Penetrator | -5/Factory | Scanalyzed Assault Drone Bay | -5/Zhirov | Free Exp. Heat Sink | -5/Zhirov | Free Exp. Optical Array | -5/Zhirov | Free Imp. Arc Thrower | -5/Zhirov | Free Robot Schematics ------------------ None Fabricated ------------ Nothing Repaired ---------- Hrd. Light Armor Plating | 31% | -9/Materials Hrd. Light Armor Plating | 32% | -7/Factory Hrd. Heavy Armor Plating | 71% | -7/Factory Studied --------- Gauss Rifle | -7/Factory | Hacked Arm. Treads | -7/Factory | Hacked Hvy. Mace | -7/Factory | Hacked Adv. Treads | -7/Factory | Hacked KE Penetrator | -5/Factory | Hacked Alien Tech Used ----------------- Integrated Dissipator Transdimensional Reconstructor Achievements -------------- DIY Cooler Hulk Smash Treasure Hunter Challenges ------------ None Game ------ Seed FluxDecoderFlakker Manual? 0 Play Time 03:57:09 Cumulative 68.2 hours Start 2026.09.20 @ 21:08:31 End 2026.09.21 @ 02:47:35 Sessions 3 Manual Loads 0 Difficulty Rogue Special Mode None Game No. 64 Rogue 61 Adventurer 3 Explorer 0 Win Type - Total 3 Types 2/1/0/0/0/0/0/0/0/0 Lore% 54 Gallery% 46 Achievement% 45 Wizard Run 0 Options --------- Layout 1 ASCII 0 Keyboard 0 Movement Mouse Keybinds 0 Fullscreen 1 Font 32/SmallcapsGlow Map View 50x35 Zoom Use 0% Tactical HUD 1 Map Filters NONE Filters NONE Steam 1 RUN: e7e8245a-a922-40bb-8620-5cb26146617c